 Dungeon Crawl Stone Soup version 0.18.1-48-g4cf74bf (webtiles) character file.

119 Psiweapon the Chucker (level 5, 0/53 HPs)
             Began as an Ogre Hunter on June 28, 2016.
             Slain by a worker ant (7 damage)
             ... on level 3 of the Dungeon.
             The game lasted 00:10:11 (3822 turns).

Psiweapon the Chucker (Ogre Hunter)                 Turns: 3822, Time: 00:10:12

Health: 0/53       AC:  3    Str: 17    XL:     5   Next: 3%
Magic:  5/5        EV: 10    Int: 10    God:
Gold:   128        SH:  0    Dex: 11    Spells: 0 memorised, 4 levels left

rFire  . . .     SeeInvis .     u - +0 flail
rCold  . . .     Gourm    .     b - +0 robe
rNeg   . . .     Faith    .     (no shield)
rPois  +         Spirit   .     (helmet restricted)
rElec  .         Dismiss  .     (no cloak)
rCorr  .         Reflect  .     (gloves unavailable)
SustAt .         Harm     .     (boots unavailable)
MR     .....                    (no amulet)
Stlth  +.........               (no ring)
                                q - ring of poison resistance

@: not resistant to hostile enchantments, very unstealthy
A: unfitting armour, tough skin 1
a: no special abilities


You were on level 3 of the Dungeon.
You were hungry.

You visited 1 branch of the dungeon, and saw 4 of its levels.

You collected 128 gold pieces.

Inventory:

Hand Weapons
 a - a +0 short sword
 r - a +0 hunting sling
 u - a +0 flail (weapon)
Missiles
 c - 2 large rocks (quivered)
 d - 2 throwing nets
 i - 31 bolts
 k - 113 stones
Armour
 b - a +0 robe (worn)
Jewellery
 m - an uncursed ring of positive energy {unknown}
 q - a ring of poison resistance (left hand)
Scrolls
 h - 3 scrolls of remove curse {unknown}
 j - 2 scrolls of identify {unknown}
 l - 2 scrolls of immolation {unknown}
Potions
 e - a potion of brilliance {unknown}
 n - 4 potions of curing
 o - a potion of ambrosia {unknown}
 p - a potion of magic {unknown}
 s - a potion of haste {unknown}
Comestibles
 f - 2 bread rations
 g - 2 meat rations


   Skills:
 - Level 3.1 Fighting
 - Level 1.0 Maces & Flails
 + Level 5.7 Throwing
 - Level 2.2 Dodging
 - Level 0.7 Stealth


You had 4 spell levels left.
You didn't know any spells.

Dungeon Overview and Level Annotations

Branches:
Dungeon (4/15)
 Temple: D:4-7

Altars:
Yredelemnul
The Shining One


Innate Abilities, Weirdness & Mutations

You are too large for most types of armour.
You have tough skin (AC +1).


Message History

* * * LOW HITPOINT WARNING * * *
You climb upwards.
You are feeling hungry.
* * * LOW HITPOINT WARNING * * *
You feel sick.
There is a stone staircase leading down here.
Drink which item? (? for menu, Esc to quit)
It was a potion of curing.
You feel better. The worker ant bites you.
* * * LOW HITPOINT WARNING * * *
Drink which item? (? for menu, Esc to quit)
Okay, then.
Throwing (i - inventory. (,) - cycle):
c - 3 large rocks (quivered)
Press: ? - help, Shift-Dir - straight line, f - worker ant
Aim: a worker ant You throw a large rock.
The large rock closely misses the worker ant.
The worker ant bites you.
* * * LOW HITPOINT WARNING * * *
The worker ant bites you!
You die...

#####
#...#############
###@a......)......#
####.......#..######.#
#.............##
#.##...........#
#.####........## ..
##### #.# #...###..#
#. §.§.§# #.#
##.####..# #. ..._.#
#.# #.......# #.
§.§.§#
###.##########'## #.


You could see a worker ant.

Vanquished Creatures
  3 gnolls (D:3)
  3 adders (D:2)
  An ooze (D:1)
  3 worms
  A giant gecko (D:1)
  A ball python (D:2)
  9 bats
  3 giant cockroaches (D:1)
  6 goblins
  6 hobgoblins
  3 quokkas (D:2)
  3 giant newts (D:2)
  5 kobolds
  7 rats
54 creatures vanquished.

Vanquished Creatures (others)
  A rat (D:3)
1 creature vanquished.

Grand Total: 55 creatures vanquished

Notes
Turn   | Place    | Note
--------------------------------------------------------------
     0 | D:1      | Psiweapon the Ogre Hunter began the quest for the Orb.
     0 | D:1      | Reached XP level 1. HP: 22/22 MP: 1/1
    73 | D:1      | Found a glowing golden altar of the Shining One.
   286 | D:2      | Reached XP level 2. HP: 16/31 MP: 2/2
  1132 | D:1      | Reached XP level 3. HP: 37/37 MP: 3/3
  1179 | D:1      | Reached skill level 1 in Maces & Flails
  2559 | D:2      | Reached XP level 4. HP: 35/45 MP: 4/4
  2564 | D:2      | Reached skill level 5 in Throwing
  3423 | D:3      | Reached XP level 5. HP: 6/53 MP: 5/5
  3749 | D:3      | Found a basalt altar of Yredelemnul.
  3754 | D:3      | Found a glowing golden altar of the Shining One.
  3819 | D:4      | HP: 2/53 [worker ant (4)]
  3822 | D:3      | Slain by a worker ant

Skill      XL: |  1  2  3  4 |
---------------+-------------+-----
Fighting       | 3 |  3.1
Dodging        | 2 |  2.2
Maces & Flails | 1 |  1.0
Throwing       | 5 |  5.7
Stealth        | |  0.7

Action                   |  1- 3 |  4- 6 || total
-------------------------+-------+-------++-------
Melee: Club              |   168 |       ||   168
       Short sword       |     2 |       ||     2
       Flail             |    13 |    57 ||    70
Throw: Stone             |    26 |     4 ||    30
       Large rock        |     4 |     1 ||     5
  Use: Potion            |       |     1 ||     1
 Stab: Sleeping          |     2 |       ||     2
  Eat: Chunk             |     5 |     4 ||     9
Armor: Robe              |    59 |    20 ||    79
Dodge: Dodged            |   103 |    30 ||   133
